 Dungeon Crawl Stone Soup version 0.30-a0-618-gd6c86c23d0 (webtiles) character file.

Game seed: 3699534845847719268

191588 wormed the Imperceptible (level 18, -1/122 HPs)
             Began as a Kobold Brigand on Jan 9, 2023.
             Was a Follower of Uskayaw.
             Slain by Polyphemus (2 damage)
             ... while petrified by a catoblepas
             ... on level 2 of the Shoals.
             The game lasted 00:42:41 (30980 turns).

wormed the Imperceptible (Kobold Brigand)          Turns: 30980, Time: 00:42:41

Health: -1/122     AC:  9    Str: 13    XL:     18   Next: 88%
Magic:  24/31      EV:  3    Int: 11    God:    Uskayaw [*.....]
Gold:   928        SH:  0    Dex: 23    Spells: 17/17 levels left

rFire   + . .      SeeInvis .    W - +4 rapier (flame)
rCold   + . .      Faith    +    (no shield)
rNeg    + + +      Spirit   .    U - +4 troll leather armour
rPois   ∞          Reflect  .    m - +1 helmet of the Muttering Gods {-Cast rPois Int-2 Slay+6}
rElec   .          Harm     .    c - +1 cloak
rCorr   .          Rampage  .    t - +2 pair of gloves of Gehenna {Str+4}
Will    +....      NoCast   +    H - +1 pair of boots
Stlth   +++++++++                x - amulet of faith
HPRegen 1.20/turn                T - +4 ring of slaying
MPRegen 0.22/turn                V - ring "Retsiar" {*Corrode rPois rF+ rC+}

@: about to teleport, petrified, corroded, mesmerised, studying Invocations
A: small, no large weapons, nightstalker 3
}: 1/15 runes: serpentine
a: Renounce Religion, Stomp


You were on level 2 of the Shoals.
You worshipped Uskayaw.
Uskayaw was most pleased with you.
You visited 5 branches of the dungeon, and saw 28 of its levels.
You also visited: Sewer, Ossuary, Gauntlet and Ice Cave.

You collected 2453 gold pieces.
You spent 1525 gold pieces at shops.

Inventory:

Hand Weapons
 W - a +4 rapier of flaming (weapon)
Missiles
 d - 67 poisoned darts
 e - 7 curare-tipped darts
 l - 4 throwing nets (quivered)
 F - 6 atropa-tipped darts
 M - 2 datura-tipped darts
Armour
 c - a +1 cloak (worn)
 m - the +1 helmet of the Muttering Gods (worn) {-Cast rPois Int-2 Slay+6}
   (You acquired it on level 3 of the Dungeon)

   Int:       It affects your intelligence (-2).
   Slay:      It affects your accuracy & damage with ranged weapons and melee
   (+6).
   rPois:     It protects you from poison.
   -Cast:     It prevents spellcasting.
 t - the +2 pair of gloves of Gehenna (worn) {Str+4}
   (You found it on level 3 of the Dungeon)

   Str:       It affects your strength (+4).
 H - a +1 pair of boots (worn)
 U - a +4 troll leather armour (worn)
Jewellery
 n - a ring of fire
 p - a ring of protection from fire
 x - an amulet of faith (around neck)
 K - a +5 ring of evasion
 R - a ring of see invisible
 T - a +4 ring of slaying (left hand)
 V - the ring "Retsiar" (right hand) {*Corrode rPois rF+ rC+}
   (You found it on level 1 of the Lair of Beasts)

   [ring of protection from cold]

   rF:        It protects you from fire.
   rC:        It protects you from cold.
   rPois:     It protects you from poison.
   *Corrode:  It may corrode you when you take damage.
 Z - a ring of protection from cold
Wands
 a - a wand of digging (6)
 v - a wand of flame (33)
 A - a wand of polymorph (2)
 E - a wand of light (15)
 L - a wand of mindburst (35)
 Q - a wand of roots (6)
 S - a wand of charming (16)
Scrolls
 k - 7 scrolls of vulnerability
 o - 3 scrolls of brand weapon
 q - 10 scrolls of magic mapping
 r - 11 scrolls of fear
 u - 6 scrolls of teleportation
 y - 4 scrolls of amnesia
 C - 7 scrolls of fog
 D - 3 scrolls of butterflies
 O - 3 scrolls of poison
 X - 2 scrolls of enchant weapon
 Y - a scroll of silence
Potions
 b - 4 potions of cancellation
 f - 18 potions of curing
 g - 6 potions of degeneration
 i - 4 potions of resistance
 j - 6 potions of flight
 s - 3 potions of might
 w - 2 potions of magic
 z - 5 potions of ambrosia
 B - 3 potions of invisibility
 G - 8 potions of berserk rage
 I - 4 potions of mutation
 J - 8 potions of brilliance
 N - 2 potions of lignification
 P - 4 potions of attraction


   Skills:
 + Level 16.8 Fighting
 - Level 14.0 Short Blades
 - Level 2.1 Throwing
 + Level 18.1 Dodging
 + Level 21.7 Stealth
 + Level 19.2 Invocations


You had 17 spell levels left.
You didn't know any spells.
Your spell library contained the following spells:

 Spells                   Type           Power      Damage    Failure   Level
 Shock                    Conj/Air       0%         1d3       41%         1
 Slow                     Hex            0%         N/A       41%         1
 Summon Small Mammal      Summ           0%         N/A       41%         1
 Cigotuvi's Dreadful Rot  Necr/Pois/Air  0%         N/A       56%         2
 Poisonous Vapours        Pois/Air       0%         N/A       56%         2
 Sublimation of Blood     Necr           0%         N/A       56%         2
 Wereblood                Tmut           0%         N/A       56%         2
 Call Canine Familiar     Summ           0%         N/A       80%         3
 Confusing Touch          Hex            0%         N/A       80%         3
 Frozen Ramparts          Ice            0%         1d1       80%         3
 Hailstorm                Conj/Ice       0%         3d3       80%         3
 Ignite Poison            Fire/Tmut/Pois 0%         N/A       80%         3
 Kindle Blastsparks       Fire/Tloc/Air  0%         2d10      80%         3
 Mephitic Cloud           Conj/Pois/Air  0%         N/A       80%         3
 Summon Guardian Golem    Hex/Summ       0%         N/A       80%         3
 Vampiric Draining        Necr           0%         2d6       80%         3
 Dispel Undead            Necr           0%         3d6       99%         4
 Ice Form                 Ice/Tmut       0%         N/A       99%         4
 Petrify                  Tmut/Erth      0%         N/A       99%         4
 Sticky Flame             Conj/Fire      0%         2d3       99%         4
 Summon Ice Beast         Ice/Summ       0%         N/A       99%         4
 Blade Hands              Tmut           0%         N/A       100%        5
 Irradiate                Conj/Tmut      0%         3d11      100%        5
 Metabolic Englaciation   Hex/Ice        0%         N/A       100%        5
 Summon Forest            Summ/Tloc      0%         N/A       100%        5
 Death Channel            Necr           0%         N/A       100%        6
 Eringya's Noxious Bog    Tmut/Pois      0%         N/A       100%        6
 Simulacrum               Ice/Necr       0%         N/A       100%        6
 Statue Form              Tmut/Erth      0%         N/A       100%        6
 Dragon Form              Tmut           0%         N/A       100%        7
 Ozocubu's Refrigeration  Ice            0%         4d7       100%        7
 Summon Hydra             Summ           0%         N/A       100%        7
 Ignition                 Fire           0%         3d3       100%        8


Dungeon Overview and Level Annotations

Branches:
Dungeon (15/15)            Temple (0/1) D:7            Lair (5/5) D:10
 Shoals (2/4) Lair:2        Snake (4/4) Lair:3        Slime (0/5) Lair:4
    Orc (2/2) D:10            Elf (0/3) Orc:2        Vaults (0/5) D:14
 Depths (0/4) D:15          Sewer (visited)         Ossuary (visited)
  IceCv (visited)         Gauntlet (visited)

Altars:
Dithmenos
Fedhas
Hepliaklqana
Kikubaaqudgha
Trog
Uskayaw
Vehumet
Xom
Yredelemnul
Zin
The Shining One
Jiyva

Shops:
D:7 ?   Orc:1 (?   Orc:2 =*[(*   Shoals:1 =   Snake:1 :   Snake:2 *   Snake:4 [

Annotations:
D:9 3 runed translucent doors, Heh's ghost, novice OpWr
Shoals:2 Polyphemus


Innate Abilities, Weirdness & Mutations

You are small and have problems with some larger weapons.
You are completely attuned to the shadows.


Message History

The faun hits you with a +0 quarterstaff!
Your corrosive artefact corrodes you!
The merfolk siren chants its luring song.
The faun hits you with a +0 spear! The manticore bites you!!
The manticore barely misses you.
The manticore claws you but does no damage.
The merfolk siren chants its luring song.
The faun hits you with a +0 quarterstaff!!
Your limbs are stiffening.
You puncture Polyphemus! You burn Polyphemus.
You punch Polyphemus, but do no damage.
Polyphemus is lightly wounded.
The faun misses you. The manticore bites you! The manticore misses you.
The manticore claws you but does no damage.
Polyphemus hits you!!
* * * LOW HITPOINT WARNING * * *
Polyphemus closely misses you.
As you read the scroll of teleportation, it crumbles to dust.
You feel strangely unstable.
You carefully extract the barbed spikes from your body.
The merfolk siren chants its luring song.
The faun hits you with a +0 quarterstaff.
* * * LOW HITPOINT WARNING * * *
The faun hits you with a +0 spear. The manticore misses you.
The manticore claws you.
* * * LOW HITPOINT WARNING * * *
The manticore barely misses you. Polyphemus closely misses you.
Polyphemus hits you.
The merfolk siren chants its luring song.
The faun hits you with a +0 quarterstaff!
* * * LOW HITPOINT WARNING * * *
The faun misses you.
You have turned to stone.
The manticore bites you but does no damage.
The manticore claws you!
* * * LOW HITPOINT WARNING * * *
The manticore claws you but does no damage.
Polyphemus hits you!!
* * * LOW HITPOINT WARNING * * *
Polyphemus hits you.
You die...

~≈≈.....~ ~~.....~~
.~.....~~
.P..HCcc~~
.....@cm.~
.....§...~
....)§.~~~
.....§~~~~
.......~~~
...~...<.~~~~~~~≈≈
.
~~~~~....~~~..~~≈≈
.
~..~~##.~.~....~≈≈
~...#
~~~~~~..........~..


You could see Polyphemus, 3 fauns, a manticore and a merfolk siren
(mesmerising).

Vanquished Creatures
  Saint Roka (Orc:2)
  Jorgrun (D:14)
  Rupert (D:15)
  Roxanne (D:15)
  Donald (Shoals:2)
  9 nagarajas
  Louise (Snake:2)
  An orc warlord (Orc:2)
  A stone giant (D:15)
  2 minotaurs
  2 merfolk impalers (Shoals:1)
  Harold (D:9)
  A rakshasa (D:11)
  6 hydras
  A vault guard (D:14)
  2 ogre magi
  A catoblepas (Shoals:2)
  A merfolk avatar (Shoals:1)
  A ghost crab (Gauntlet)
  4 boulder beetles
  Erolcha (D:9)
  2 centaur warriors
  12 two-headed ogres
  10 anacondas
  11 naga warriors
  A merfolk aquamancer (Shoals:1)
  A tengu warrior (D:14)
  3 death yaks (Shoals:2)
  Urug (D:11)
  3 shock serpents
  6 naga sharpshooters
  4 orc high priests
  4 salamander mystics
  4 skeletal warriors (D:15)
  A deep troll (Orc:1)
  2 sea snakes (Snake:2)
  A spriggan simulacrum (IceCv)
  4 naga ritualists
  A deep elf pyromancer (D:15)
  A harpy (shapeshifter) (D:14)
  2 wolf spiders (Lair:4)
  6 orc knights
  14 harpies (Shoals:1)
  8 mana vipers
  10 salamanders
  5 orc sorcerers
  15 ugly things
  7 cyclopes
  3 manticores (Shoals:1)
  Joseph (D:8)
  4 merfolk sirens
  2 vault sentinels (D:11)
  10 water nymphs
  31 black mambas
  A guardian serpent (shapeshifter) (D:14)
  18 elephants
  7 guardian serpents
  11 cane toads
  20 naga magi
  2 rime drakes
  3 gargoyles
  An efreet (D:13)
  6 kobold demonologists
  8 komodo dragons
  An unseen horror (D:11)
  A freezing wraith (Snake:4)
  6 trolls
  5 polar bears
  5 merfolk
  3 wind drakes
  10 hornets
  17 blink frogs
  7 dream sheep
  A snapping turtle (Lair:2)
  8 flying skulls (Gauntlet)
  5 wraiths
  14 spriggans (Lair:5)
  2 wyverns
  4 water elementals
  35 yaks
  3 basilisks
  A yak (shapeshifter) (D:15)
  5 wargs
  48 nagas
  An acid dragon (D:12)
  13 water moccasins
  A hornet zombie (Ossuary)
  3 ice beasts
  4 black bears (Lair:5)
  40 orc warriors
  4 sky beasts
  7 boggarts
  31 wolves
  6 ogres
  2 centaurs (D:10)
  A phantom (D:7)
  6 kobold brigands
  8 bullfrogs
  Blork the orc (D:4)
  A deep troll simulacrum (IceCv)
  A gnoll sergeant (D:11)
  A necrophage (D:8)
  A wyvern zombie (Ossuary)
  4 scorpions
  2 water moccasin zombies (Ossuary)
  4 wights (D:9)
  12 killer bees
  5 howler monkeys
  An electric eel (Snake:2)
  4 bullfrog zombies (Ossuary)
  2 centaur zombies (Ossuary)
  3 hounds
  2 jellies
  22 orc priests
  2 gnoll boudas
  2 iguanas (D:5)
  27 orc wizards
  6 hell rats (Lair:5)
  A killer bee zombie (Ossuary)
  2 human simulacra (D:10)
  16 mummies (Ossuary)
  16 gnolls
  20 adders
  3 river rats (Sewer)
  A shadow imp (D:5)
  10 worms
  2 dart slugs
  89 orcs
  5 ball pythons
  11 bats
  19 endoplasms
  4 giant cockroaches
  11 goblins
  5 hobgoblins
  8 jackals
  26 kobolds
  6 quokkas
  4 frilled lizards
  A jackal zombie (D:7)
  30 rats
1008 creatures vanquished.

Vanquished Creatures (others)
  2 orcs (Orc:2)
  24 fungi
  59 plants
  7 withered plants (Ossuary)
92 creatures vanquished.

Grand Total: 1100 creatures vanquished

Notes
Turn   | Place    | Note
-------+----------+-------------------------------------------
     0 | D:1      | wormed the Kobold Brigand began the quest for the Orb.
     0 | D:1      | Reached XP level 1. HP: 12/12 MP: 1/1
   100 | D:1      | Reached XP level 2. HP: 18/18 MP: 2/2
   294 | D:1      | Reached XP level 3. HP: 8/22 MP: 3/3
   799 | D:2      | Reached XP level 4. HP: 25/27 MP: 4/4
   988 | D:2      | Reached skill level 6 in Stealth
  1107 | D:2      | Reached XP level 5. HP: 32/32 MP: 5/5
  1642 | D:3      | Identified the +1 chain mail of the Other World {rPois rC+
                  | rCorr Dex+4}
  1791 | D:3      | Reached skill level 5 in Short Blades
  1807 | D:3      | Got the Secrets of the Tempest and Freezing
  2146 | D:3      | Identified the +2 pair of gloves of Gehenna {Str+4}
  2245 | D:3      | Reached XP level 6. HP: 37/37 MP: 6/6
  2729 | D:3      | Identified a scroll of acquirement
  2729 | D:3      | Acquired the +1 helmet of the Muttering Gods {-Cast rPois
                  | Int-2 Slay+6}
  3114 | D:4      | Noticed Blork the orc
  3118 | D:4      | Killed Blork the orc
  3119 | D:4      | Reached XP level 7. HP: 42/42 MP: 7/7
  3147 | D:4      | Found a hide-covered altar of Uskayaw.
  3223 | D:4      | Became a worshipper of Uskayaw the Reveller
  3301 | D:4      | Reached * piety under Uskayaw
  3302 | D:4      | Reached skill level 7 in Stealth
  3302 | D:4      | Reached skill level 1 in Invocations
  3642 | D:5      | Entered Level 5 of the Dungeon
  3646 | D:5      | Reached ** piety under Uskayaw
  3650 | D:5      | Reached *** piety under Uskayaw
  3651 | D:5      | Reached **** piety under Uskayaw
  3969 | D:5      | Reached XP level 8. HP: 48/48 MP: 9/9
  3969 | D:5      | Found a glowing drain.
  3980 | Sewer    | Entered a sewer
  4758 | D:5      | Found a glowing silver altar of Zin.
  5208 | D:6      | Found a hazy altar of Hepliaklqana.
  5279 | D:6      | Reached skill level 8 in Stealth
  5296 | D:6      | Identified the +10 mace of the Dungeon {heavy, *Noise rC+++
                  | Str+4 Dex+2}
  5313 | D:6      | Reached skill level 5 in Fighting
  5313 | D:6      | Reached skill level 5 in Dodging
  5412 | D:6      | Reached XP level 9. HP: 54/54 MP: 12/12
  5612 | D:6      | Found a blossoming altar of Fedhas.
  5765 | D:6      | Found a shadowy altar of Dithmenos.
  6024 | D:7      | Reached skill level 5 in Invocations
  6051 | D:7      | Found a shimmering altar of Xom.
  6061 | D:7      | Identified the +0 pair of gloves of the Lost Tables {Int+5}
  6289 | D:7      | Found a staircase to the Ecumenical Temple.
  6405 | D:7      | Noticed a boulder beetle
  6450 | D:7      | Killed a boulder beetle
  6451 | D:7      | Reached skill level 9 in Stealth
  6606 | D:7      | Found a sand-covered staircase.
  6625 | Ossuary  | Entered an ossuary
  6648 | Ossuary  | Reached skill level 10 in Short Blades
  6658 | Ossuary  | Reached XP level 10. HP: 60/60 MP: 14/14
  6669 | Ossuary  | Reached ***** piety under Uskayaw
  6862 | Ossuary  | Reached ****** piety under Uskayaw
  7145 | D:7      | Found Nisch's Magic Scroll Emporium.
  7180 | D:7      | Bought a scroll of identify for 20 gold pieces
  7180 | D:7      | Bought a scroll of identify for 20 gold pieces
  7180 | D:7      | Bought a scroll of identify for 20 gold pieces
  7379 | D:8      | Found an ancient bone altar of Kikubaaqudgha.
  7508 | D:8      | Reached skill level 10 in Stealth
  7612 | D:8      | Noticed a kobold demonologist
  7624 | D:8      | Noticed a sun demon
  7624 | D:8      | Killed a kobold demonologist
  7625 | D:8      | Noticed a kobold demonologist
  7626 | D:8      | Noticed a kobold demonologist
  7630 | D:8      | Noticed a sun demon
  7631 | D:8      | Noticed an orange demon
  7640 | D:8      | Killed a kobold demonologist
  7658 | D:8      | Noticed an orange demon
  7663 | D:8      | Killed a kobold demonologist
  7856 | D:8      | Found a glowing golden altar of the Shining One.
  7861 | D:8      | Found a radiant altar of Vehumet.
  7982 | D:8      | Noticed Joseph
  8001 | D:8      | Killed Joseph
  8183 | D:8      | Identified the +1 whip of Trog's Approval {antimagic, Fly
                  | Will+++ rCorr Int-5}
  8349 | D:9      | Reached XP level 11. HP: 67/67 MP: 17/17
  8402 | D:9      | Noticed Harold
  8410 | D:9      | Killed Harold
  8411 | D:9      | Reached skill level 11 in Stealth
  8430 | D:9      | Noticed a two-headed ogre
  8438 | D:9      | Killed a two-headed ogre
  8663 | D:9      | Noticed Erolcha
  8667 | D:9      | Killed Erolcha
  8842 | D:9      | Found a runed translucent gate.
  8842 | D:9      | Found a runed translucent gate.
  8850 | D:9      | Found a runed translucent gate.
  8850 | D:9      | Noticed Heh's ghost (novice OpWr)
  8876 | D:9      | Reached skill level 10 in Invocations
  8969 | D:9      | Identified the +1 plate armour of Unambiguity {rN++ Dex-2}
  8985 | D:10     | Entered Level 10 of the Dungeon
  9074 | D:10     | Noticed a centaur warrior
  9078 | D:10     | Killed a centaur warrior
  9087 | D:10     | Found a staircase to the Lair.
  9127 | D:10     | Reached skill level 12 in Stealth
  9849 | D:10     | Found a bloodstained altar of Trog.
  9897 | D:10     | Found a staircase to the Orcish Mines.
 10037 | D:11     | Noticed a rakshasa
 10039 | D:11     | Killed a rakshasa
 10040 | D:11     | Reached XP level 12. HP: 75/75 MP: 19/19
 10171 | D:11     | Identified the +9 flail of the Tired Hosts {venom, rElec
                  | Will++ Int+3 Dex-2}
 10197 | D:11     | Noticed Urug
 10200 | D:11     | Killed Urug
 10363 | D:11     | Reached skill level 10 in Dodging
 10392 | D:11     | Noticed a soul eater
 10405 | D:11     | Reached skill level 13 in Stealth
 10488 | D:11     | Found the +18 shield of the Gong {rElec rN+ Will+ EV-5}
 11163 | D:12     | Noticed a sea snake
 11248 | D:12     | Found a gate leading to a gauntlet.
 11271 | D:12     | Noticed a two-headed ogre
 11285 | Gauntlet | Entered a Gauntlet
 11285 | Gauntlet | Found a large runed translucent door.
 11285 | Gauntlet | Found a large runed translucent door.
 11285 | Gauntlet | Found a large runed translucent door.
 11285 | Gauntlet | Found a large runed translucent door.
 11291 | Gauntlet | Found a transporter.
 11314 | Gauntlet | Noticed a ghost crab
 11327 | Gauntlet | Found a transporter.
 11341 | Gauntlet | Found a transporter.
 11355 | Gauntlet | Found a transporter.
 11380 | Gauntlet | Found a transporter.
 11401 | Gauntlet | Found a large runed translucent door.
 11402 | Gauntlet | Found a large runed translucent door.
 11403 | Gauntlet | Found a large runed translucent door.
 11403 | Gauntlet | Found a large runed translucent door.
 11404 | Gauntlet | Found a runed translucent door.
 11405 | Gauntlet | Found a transporter.
 11406 | Gauntlet | Found a runed translucent door.
 11407 | Gauntlet | Found a large runed translucent door.
 11407 | Gauntlet | Found a large runed translucent door.
 11415 | Gauntlet | Found a large runed translucent door.
 11416 | Gauntlet | Found a large runed translucent door.
 11429 | Gauntlet | Found a transporter.
 11429 | Gauntlet | Found a transporter.
 11444 | Gauntlet | Found a transporter.
 11455 | Gauntlet | Found a large runed translucent door.
 11455 | Gauntlet | Found a large runed translucent door.
 11459 | Gauntlet | Found a transporter.
 11463 | Gauntlet | Found a transporter.
 11599 | Gauntlet | Reached skill level 10 in Fighting
 11682 | Gauntlet | Killed a ghost crab
 11729 | Gauntlet | Identified the ring "Xuirr" {Ice *Slow rPois Int+4 SInv}
 11729 | Gauntlet | Noticed a minotaur
 11742 | Gauntlet | Killed a minotaur
 11743 | Gauntlet | Reached skill level 14 in Stealth
 11852 | D:12     | Killed a two-headed ogre
 11853 | D:12     | Reached XP level 13. HP: 77/83 MP: 21/21
 12488 | Lair:1   | Entered Level 1 of the Lair of Beasts
 12699 | Lair:1   | Identified the +5 war axe "Jucotauq" {vamp, rN+ MP+9}
 13215 | Lair:1   | Identified the ring "Retsiar" {*Corrode rPois rF+ rC+}
 13287 | Lair:2   | Noticed a six-headed hydra
 13302 | Lair:2   | Killed a six-headed hydra
 13396 | Lair:2   | Reached skill level 15 in Stealth
 13493 | Lair:2   | Noticed an eight-headed hydra
 13503 | Lair:2   | Killed an eight-headed hydra
 14464 | Lair:2   | Found a staircase to the Shoals.
 14729 | Lair:3   | Found a staircase to the Snake Pit.
 15144 | Lair:3   | Reached XP level 14. HP: 91/91 MP: 23/23
 15615 | Lair:4   | Reached skill level 16 in Stealth
 15684 | Lair:4   | Found a viscous altar of Jiyva.
 15685 | Lair:4   | Found a staircase to the Slime Pits.
 16845 | Lair:5   | Entered Level 5 of the Lair of Beasts
 17147 | Lair:5   | Reached skill level 17 in Stealth
 17210 | Lair:5   | Identified the +2 broad axe "Zohexukk" {drain, SInv}
 17476 | Lair:5   | Reached XP level 15. HP: 98/98 MP: 25/25
 19748 | D:14     | Reached skill level 18 in Stealth
 19766 | D:14     | Noticed Jorgrun
 19770 | D:14     | Killed Jorgrun
 19878 | D:14     | Found the +18 Lear's hauberk
 20150 | D:14     | Found a gate to the Vaults.
 20348 | D:15     | Entered Level 15 of the Dungeon
 20482 | D:15     | Reached skill level 15 in Dodging
 20490 | D:15     | Reached skill level 15 in Invocations
 20534 | D:15     | Noticed Rupert
 20537 | D:15     | Killed Rupert
 20890 | D:15     | Noticed Roxanne
 20921 | D:15     | Killed Roxanne
 20922 | D:15     | Reached XP level 16. HP: 82/106 MP: 27/27
 21232 | D:15     | Found a staircase to the Depths.
 21987 | Orc:1    | Entered Level 1 of the Orcish Mines
 22022 | Orc:1    | Found Ystenune's Magic Scroll Shoppe.
 22038 | Orc:1    | Found Animo's Antique Weapon Boutique.
 22721 | Orc:2    | Entered Level 2 of the Orcish Mines
 22763 | Orc:2    | Found a staircase to the Elven Halls.
 22796 | Orc:2    | Found Anydad Arul's Assorted Antiques.
 22933 | Orc:2    | Found Giats's Jewellery Shoppe.
 22991 | Orc:2    | Noticed Saint Roka
 23012 | Orc:2    | Killed Saint Roka
 23013 | Orc:2    | Reached skill level 19 in Stealth
 23736 | Orc:2    | Found Egatsor's Antique Weapon Shoppe.
 23771 | Orc:2    | Found Votept's Antique Armour Emporium.
 24053 | Orc:2    | Found Jalebub's Assorted Antiques.
 24326 | Snake:1  | Entered Level 1 of the Snake Pit
 24622 | Snake:1  | Found a basalt altar of Yredelemnul.
 24998 | Snake:1  | Found Hurolaryi's Vocational Training.
 25013 | Snake:1  | Bought a manual of Invocations for 1280 gold pieces
 25523 | Snake:1  | Reached skill level 15 in Fighting
 25548 | Snake:1  | Reached XP level 17. HP: 113/113 MP: 29/29
 26334 | Snake:2  | Found Irujov's Assorted Antiques.
 26338 | Snake:2  | Bought a coiled jade ring for 185 gold pieces
 26338 | Snake:2  | Identified the ring "Boracod" {Ice rElec rN+} (You bought
                  | it in a shop on level 2 of the Snake Pit)
 26499 | Snake:2  | Reached skill level 20 in Stealth
 26595 | Snake:2  | Noticed Louise
 26599 | Snake:2  | Killed Louise
 28217 | Snake:4  | Entered Level 4 of the Snake Pit
 28250 | Snake:4  | Found a frozen archway.
 28346 | Snake:4  | Found Nipnaar's Antique Armour Shop.
 28362 | IceCv    | Entered an ice cave
 28778 | Snake:4  | Reached XP level 18. HP: 86/120 MP: 30/30
 29126 | Snake:4  | Reached skill level 21 in Stealth
 29403 | Snake:4  | Got a serpentine rune of Zot
 29599 | Shoals:1 | Entered Level 1 of the Shoals
 30178 | Shoals:1 | Found Zaciaw's Jewellery Boutique.
 30910 | Shoals:2 | Noticed Donald
 30914 | Shoals:2 | Killed Donald
 30975 | Shoals:2 | Noticed Polyphemus
 30980 | Shoals:2 | HP: 1/122 [Polyphemus (11)]
 30980 | Shoals:2 | Slain by Polyphemus

Illustrated notes

Levels and vault maps discovered:
D:1:      ncdulo_wetmaze, layout_basic, serial_park_tiny_1
D:2:      layout_basic, minmay_rat_hole
D:3:      minmay_recursive_quarters, layout_basic, grunt_ministairs_15
D:4:      layout_basic, nicolae_uskayaw_dance_hall, serial_curves,
          eino_curves_04, eino_curves_04, kennysheep_generic_room_15,
          uniq_blork_the_orc
D:5:      layout_gridville, mainiacjoe_overflow_paths,
          cheibrodos_sewer_entry_drain
D:6:      layout_loops_ring, nicolae_hepliaklqana_hazy_memory,
          grunt_dithmenos_smoke_and_mirrors, lemuel_crystal_altar
D:7:      layout_gridville, xom_butterflies, minmay_temple_entry_glassed_door,
          serial_shops, nicolae_inconvenience_store, enter_ossuary_3
D:8:      layout_loops_ring, mainiacjoe_overflow_cross_hatched, minitemple,
          hangedman_decor_riveting, uniq_joseph
D:9:      layout_rooms, biasface_ghost_orc_armoury, uniq_harold, uniq_erolcha
D:10:     layout_basic, old_standard_altar, lair_entry_dummy, orc_0_dummy,
          eino_small_chamber_without_monster, bh_circular_ruins
D:11:     layout_long_grid, hellmonk_guarded_unrand_gong, uniq_urug
D:12:     layout_roguey, gauntlet_entry_generic, serial_aquarium,
          aquarium_bridge_island_small [aquarium_subvault_small_water,
          aquarium_subvault_bridge, aquarium_subvault_wall,
          aquarium_subvault_bridge, aquarium_subvault_bridge],
          aquarium_window_corridor_2, aquarium_window_1, aquarium_window_fake,
          aquarium_window_fake, aquarium_view_2e, aquarium_view_2e
D:13:     layout_basic
D:14:     layout_roguey, david_vaults_5, chequers_decorated_corner,
          minmay_misc_feat_diagonals, hellmonk_guarded_unrand_lears,
          uniq_jorgrun
D:15:     grunt_enter_depths_giant_problem, layout_basic,
          minmay_strange_pillars, uniq_roxanne, uniq_rupert
Lair:1:   layout_loops_ring
Lair:2:   layout_long_grid, minmay_shoals_entry_hut,
          grunt_forest_large_clearings, lemuel_fruit_tree, serial_bayou_shore_b
Lair:3:   layout_chaotic_city, minmay_snake_entry_six_corridors,
          infiniplex_staircase_pool_2
Lair:4:   layout_cave_pods, slime_entry_1, nicolae_lair_run_with_the_wolves
Lair:5:   minmay_lair_end_enchanted_forest, layout_cave_pods
Shoals:1: layout_shoals, nicolae_shoals_lost_giant_baths,
          minmay_shop_enchanted_jewellery, abandoned_shop,
          nicolae_shoals_nymph_descending_staircase
Shoals:2: layout_shoals, shoals_oasis, uniq_polyphemus, uniq_donald, uniq_ilsuiw
Snake:1:  layout_chambers, lemuel_altar_in_water2, nicolae_shop_vocational
Snake:2:  layout_misc_corridors, minmay_shop_star, grunt_megastairs_1,
          serial_bayou_shore_b, serial_bayou_shore_a, uniq_louise
Snake:3:  layout_basic, grunt_megastairs_3
Snake:4:  grunt_snake_rune_serpentine_throne, layout_misc_corridors,
          serial_shops, shop, portal_ice_cave_entry_ugly_swarm
Orc:1:    layout_caves, basic_altar, guppyfry_orc_lava_fort
Orc:2:    grunt_orc_community_town_hall, layout_caves,
          grunt_orc_community_big_house_1, grunt_orc_community_big_house_2,
          grunt_orc_community_house_2, grunt_orc_community_house_1,
          grunt_orc_community_house_1, grunt_orc_community_house_3,
          serial_shops, nicolae_shop_crystal, mines_bat_river, uniq_saint_roka

Skill      XL: |  1  2  3  4  5  6  7  8  9 10 11 12 13 14 15 16 17 18 |
---------------+-------------------------------------------------------+-----
Short Blades   | 3 4 5 6 7 8 10 11 12 14 | 14.0
Dodging        | 2 3 4 5 6 7 9 11 12 14 15 16 17 18 | 18.1
Stealth        | 6 7 8 9 10 12 14 15 17 18 19 20 21 | 21.7
Fighting       | 3 4 5 6 7 8 10 11 13 14 15 16 | 16.8
Invocations    | 2 4 6 8 10 11 13 14 15 16 17 19 | 19.2
Throwing       | |  2.1

Action                   |  1- 3 |  4- 6 |  7- 9 | 10-12 | 13-15 | 16-18 || total
-------------------------+-------+-------+-------+-------+-------+-------++-------
Melee: Dagger            |    27 |    80 |   118 |       |       |       ||   225
       Short sword       |    28 |   101 |   123 |   655 |  1027 |       ||  1934
       Punch             |       |       |     5 |    13 |    30 |    25 ||    73
       Rapier            |       |       |       |       |   246 |  1507 ||  1753
Throw: Dart              |     1 |     2 |       |     5 |       |       ||     8
       Throwing net      |       |       |       |     1 |       |       ||     1
Invok: Line Pass         |       |       |     2 |       |       |     1 ||     3
       Grand Finale      |       |       |       |       |     2 |     6 ||     8
Evoke: Wand              |       |       |     5 |       |       |       ||     5
  Use: Scroll            |     2 |     3 |     1 |    14 |    15 |     7 ||    42
       Potion            |       |       |       |       |       |     8 ||     8
 Stab: Sleeping          |    20 |    32 |    47 |    25 |    37 |    74 ||   235
       Distracted        |     1 |     1 |     1 |     5 |     7 |    11 ||    26
       Paralysed         |       |       |     9 |    40 |    73 |   114 ||   236
       Confused          |       |       |     1 |       |       |     1 ||     2
       Held in net/web   |       |       |       |     2 |       |       ||     2
Armor: Robe              |     5 |    14 |    19 |       |       |       ||    38
       Leather armour    |       |       |     3 |    29 |       |       ||    32
       Troll leather arm |       |       |       |    25 |    76 |   100 ||   201
Dodge: Dodged            |    25 |    59 |    53 |   270 |   708 |   888 ||  2003

Table legend: (Time is in decaauts)
 A = Elapsed time spent in this place.
 B = Non-inter-level travel time spent in this place.
 C = Inter-level travel time spent in this place.
 D = Time resting spent in this place.
 E = Time spent auto-exploring this place.
 F = Levels seen in this place.
 G = Mean time per level.
                   A        B        C        D        E       F      G
               +--------+--------+--------+--------+--------+-----+--------+
         Total |  28912 |  27315 |   1597 |    136 |  22708 |  32 |  903.5 |
       Dungeon |  13627 |  12819 |    808 |      0 |  11110 |  15 |  908.5 |
          Lair |   5497 |   5097 |    400 |    136 |   4222 |   5 | 1099.4 |
        Shoals |   1390 |   1295 |     95 |      0 |   1016 |   2 |  695.0 |
     Snake Pit |   4640 |   4442 |    198 |      0 |   3676 |   4 | 1160.0 |
  Orcish Mines |   1979 |   1885 |     94 |      0 |   1519 |   2 |  989.5 |
         Sewer |    931 |    931 |      0 |      0 |    694 |   1 |  931.0 |
       Ossuary |    288 |    288 |      0 |      0 |    175 |   1 |  288.0 |
      Ice Cave |     51 |     51 |      0 |      0 |     15 |   1 |   51.0 |
      Gauntlet |    505 |    505 |      0 |      0 |    278 |   1 |  505.0 |
               +--------+--------+--------+--------+--------+-----+--------+

Top non-repeatable levels by time:
 Snake:1: 1385 daAuts
    D:15: 1374 daAuts
   Orc:2: 1341 daAuts
  Lair:5: 1332 daAuts
  Lair:2: 1316 daAuts
Shoals:1: 1276 daAuts
 Snake:2: 1218 daAuts
  Lair:4: 1174 daAuts
     D:3: 1162 daAuts
    D:10: 1147 daAuts
 Snake:3: 1077 daAuts
 Snake:4: 959 daAuts
   Sewer: 931 daAuts
    D:13: 925 daAuts
    D:12: 923 daAuts
